 Dungeon Crawl Stone Soup version 0.20-a0-1063-gb8e8b7e (webtiles) character file.

30 AlphabetPasta the Conjurer (level 3, -2/21 HPs)
             Began as a Halfling Conjurer on Apr 27, 2017.
             Slain by an adder (3 damage)
             ... on level 2 of the Dungeon.
             The game lasted 00:06:37 (1740 turns).

AlphabetPasta the Conjurer (Halfling Conjurer)      Turns: 1740, Time: 00:06:38

Health: -2/21      AC:  2    Str:  9    XL:     3   Next: 35%
Magic:  1/6        EV: 15    Int: 19    God:
Gold:   84         SH:  0    Dex: 14    Spells: 0/6 levels left

rFire    . . .     SeeInvis .   h - +0 dagger
rCold    . . .     Gourm    .   (shield restricted)
rNeg     . . .     Faith    .   a - +0 robe
rPois    .         Spirit   .   (no helmet)
rElec    .         Reflect  .   (no cloak)
rCorr    .         Harm     .   (no gloves)
MR       .....                  (no boots)
Stlth    ++........             (no amulet)
Regen    0.1/turn               (no ring)
MPRegen  0.1/turn               (no ring)

@: brilliant
A: mutation resistance 1
a: no special abilities


You were on level 2 of the Dungeon.
You were not hungry.

You visited 1 branch of the dungeon, and saw 2 of its levels.

You collected 84 gold pieces.

Inventory:

Hand Weapons
 e - a +0 mace
 h - a +0 dagger (weapon)
 m - a +0 hunting sling
Missiles
 j - 45 sling bullets
Armour
 a - a +0 robe (worn)
Jewellery
 g - a +2 ring of intelligence {unknown}
Scrolls
 d - a scroll of identify
 f - a scroll of random uselessness {unknown}
Books
 b - a book of Conjurations

   Spells                             Type                      Level
   a - Magic Dart                     Conjuration                  1
   b - Searing Ray                    Conjuration                  2
   c - Dazzling Spray                 Conjuration/Hexes            3
   d - Fulminant Prism                Conjuration/Hexes            4
   e - Force Lance                    Conjuration/Translocation    4
   f - Iskenderun's Mystic Blast      Conjuration                  4
Comestibles
 c - 2 bread rations
 i - 2 fruits
 k - a meat ration


   Skills:
 + Level 0.8 Short Blades
 - Level 2.1 Dodging
 - Level 2.1 Stealth
 * Level 2.1 Spellcasting
 * Level 3.6 Conjurations


You couldn't memorise any spells.
You knew the following spells:

 Your Spells              Type           Power        Failure   Level  Hunger
a - Magic Dart            Conj           ####         1%          1    #......
b - Searing Ray           Conj           ####..       1%          2    ##.....
c - Dazzling Spray        Conj/Hex       ###...       3%          3    ###....


Dungeon Overview and Level Annotations

Branches:
Dungeon (2/15)

Altars:

Annotations:
D:2 Natasha, Sigmund


Innate Abilities, Weirdness & Mutations

You are small and have problems with some larger weapons.
You are somewhat resistant to further mutation.


Message History

The adder misses you. Sigmund gestures at you while chanting.
You are confused.
You're too confused to cast spells.
You're too confused!
You aren't carrying any potions.
You're too confused to move!
The adder barely misses you.
Natasha mewls in sadness.
Natasha stares at you and mumbles some strange words.
You resist with significant effort. The adder bites you but does no damage.
There is a stone staircase leading up here.
The adder bites you.
* * * LOW HITPOINT WARNING * * *
Sigmund casts a spell.
Sigmund flickers and vanishes!
Deactivating autopickup; reactivate with Ctrl-A.
Natasha casts a spell.
You feel less confused. The adder bites you.
You die...

######### ### ##...#...##
###.$. ##.........##
####....# #......<....#
#####.......#
##.......[...###.....##..%.#
............@......#.......#
#..........S.........#.....#
###.............##....<....#
###.......<.#.......#######..
...........####...#.# .#
##...##.........>...# ..#
...###h..#######....#####..##
##.####...5# ##.........# #
.......$...# #......######


You could see Natasha, a crimson imp and an adder.

Vanquished Creatures
  2 dart slugs (D:1)
  A leopard gecko (D:1)
  A giant cockroach (D:2)
  2 goblins
  3 hobgoblins (D:1)
  4 jackals (D:1)
  A quokka (D:1)
  A bat (D:1)
  A frilled lizard (D:2)
  5 kobolds
  2 rats (D:1)
23 creatures vanquished.

Notes
Turn   | Place    | Note
-------+----------+-------------------------------------------
     0 | D:1      | AlphabetPasta the Halfling Conjurer began the quest for the Orb.
     0 | D:1      | Reached XP level 1. HP: 11/11 MP: 3/3
   252 | D:1      | Reached XP level 2. HP: 17/17 MP: 0/4
   256 | D:1      | Learned a level 2 spell: Searing Ray
  1036 | D:2      | Learned a level 2 spell: Searing Ray
  1062 | D:2      | Noticed Natasha
  1064 | D:2      | Noticed a crimson imp
  1090 | D:1      | Reached XP level 3. HP: 7/21 MP: 0/6
  1721 | D:2      | Learned a level 3 spell: Dazzling Spray
  1723 | D:2      | Noticed Sigmund
  1737 | D:2      | HP: 1/21 [adder (1)]
  1740 | D:2      | Slain by an adder

Vault maps used:
D:1:      scummos_arrival_checkerplants
D:2:      nicolae_overflow_hidden_temple, yredelemnul_altar_generic,
          uniq_sigmund, uniq_natasha

Skill      XL: |  1  2 |
---------------+-------+-----
Spellcasting   | 2 |  2.1
Short Blades   | |  0.8
Dodging        | |  2.1
Stealth        | |  2.1
Conjurations   | |  3.6

Action                   || total
-------------------------++-------
Melee: Unarmed           ||     7
       Dagger            ||    12
 Cast: Magic Dart        ||    66
  Use: Scroll            ||     3
       Potion            ||     1
  Eat: Chunk             ||     4
Armor: Robe              ||     7
Dodge: Dodged            ||    34
